 Dungeon Crawl Stone Soup version 0.14-a0-736-g2a71271 (webtiles) character file.

4840 Malachi the Martial Artist (level 10, -2/77 HPs)
             Began as a Mottled Draconian Transmuter on Nov 7, 2013.
             Was a Follower of Sif Muna.
             Slain by a wight
             ... wielding a cursed +2,+2 scimitar
              (3 damage)
             ... while paralysed by Erolcha
             ... on Level 8 of the Dungeon.
             The game lasted 00:26:58 (9969 turns).

Malachi the Martial Artist (DrTm)                   Turns: 9969, Time: 00:26:59

HP  -2/77        AC 12     Str 12      XL: 10   Next: 17%
MP  15/15        EV  2     Int 16      God: Sif Muna [*.....]
Gold 322         SH  0     Dex 13      Spells:  3 memorised,  7 levels left

Res.Fire  : . . .   See Invis. : .     - Unarmed
Res.Cold  : . . .   Warding    : .   (armour unavailable)
Life Prot.: . . .   Conserve   : .   (no shield)
Res.Poison: .       Res.Corr.  : .   (helmet restricted)
Res.Elec. : .       Clarity    : .   F - +1 dwarf cloak (curse)
Sust.Abil.: . .     Spirit.Shd : .   (no gloves)
Res.Mut.  : .       Stasis     : .   Q - +2 pair of dwarf boots
Res.Rott. : .       Flight     : .   (no amulet)
Saprovore : . . .                    (no ring)
                                     (no ring)

@: paralysed, drained, somewhat resistant to hostile enchantments, unstealthy
A: breathe sticky flames, unfitting armour, AC +7
a: Breathe Sticky Flame, Channel Energy, Renounce Religion


You were on level 8 of the Dungeon.
You worshipped Sif Muna.
Sif Muna was aware of your devotion.
You were very hungry.

You visited 2 branches of the dungeon, and saw 9 of its levels.
You also visited: Sewer.

You collected 415 gold pieces.
You spent 93 gold pieces at shops.

Inventory:

Hand weapons
 t - a cursed +0 blowgun
Missiles
 b - 49 arrows
 u - 11 poisoned needles
Armour
 F - a cursed +1 dwarven cloak (worn)
 Q - a +2 pair of dwarven boots (worn)
Magical devices
 x - a wand of heal wounds (0)
 K - a wand of slowing (13)
Comestibles
 a - 4 bread rations
 h - an apple
 J - a rotting chunk of adder flesh
 L - 2 meat rations
 N - 4 rotting chunks of giant frog flesh
 O - a rotting chunk of hobgoblin flesh
 R - a slice of pizza
Scrolls
 c - 3 scrolls of identify
 f - a scroll of recharging {unknown}
 k - 2 scrolls of fear
 l - a scroll of curse jewellery {unknown}
 q - a scroll of fog
 s - 5 scrolls of remove curse
 y - a scroll of magic mapping
 E - 3 scrolls of immolation
Jewellery
 r - a cursed ring of flight
Potions
 e - 3 potions of curing
 g - a potion of beneficial mutation {unknown}
 i - a potion of heal wounds {unknown}
 j - a potion of magic {unknown}
 p - a potion of mutation {unknown}
 v - a potion of flight {unknown}
 z - a potion of speed {unknown}
 A - a potion of invisibility {unknown}
 B - a potion of confusion {unknown}
 C - a potion of berserk rage
 D - a potion of brilliance {unknown}
 M - a potion of paralysis {unknown}
Books
 d - a book of Changes

   Spells                             Type                      Level
   *Beastly Appendage                 Transmutation                1
   *Sticks to Snakes                  Transmutation                2
   *Spider Form                       Transmutation/Poison         3
   Ice Form                           Ice/Transmutation            4
   Blade Hands                        Transmutation                5
 n - a book of Burglary

   Spells                             Type                      Level
   Apportation                        Translocation                1
   Swiftness                          Charms/Air                   2
   Passwall                           Transmutation/Earth          3
   Passage of Golubria                Translocation                4
   Lee's Rapid Deconstruction         Earth                        5
   Darkness                           Hexes                        7
 w - a book of Death

   Spells                             Type                      Level
   Corpse Rot                         Necromancy                   2
   Sublimation of Blood               Necromancy                   2
   Agony                              Necromancy                   5
   Dispel Undead                      Necromancy                   5
   Excruciating Wounds                Charms/Necromancy            5
   Bolt of Draining                   Conjuration/Necromancy       6
 H - a book of Beasts

   Spells                             Type                      Level
   Summon Butterflies                 Summoning                    1
   *Sticks to Snakes                  Transmutation                2
   Call Canine Familiar               Summoning                    3
   Ice Form                           Ice/Transmutation            4
   Summon Ice Beast                   Ice/Summoning                4
   Summon Hydra                       Summoning                    7


   Skills:
 + Level 4.7(4.0) Fighting
 + Level 7.6(6.8) Dodging
 - Level 0.4(0.0) Stealth
 * Level 9.2(8.4) Unarmed Combat
 - Level 2.0(1.3) Spellcasting
 * Level 6.6(5.8) Transmutations
 - Level 4.4(3.7) Poison Magic


You had 7 spell levels left.
You knew the following spells:

 Your Spells              Type           Power        Failure   Level  Hunger
a - Beastly Appendage     Trmt           ###...       1%          1    ##.....
b - Sticks to Snakes      Trmt           ###.......   3%          2    ###....
c - Spider Form           Trmt/Pois      ###.......   12%         3    ####...


Dungeon Overview and Level Annotations

Branches:
Dungeon (8/27)             Temple (1/1) D:4             Orc (0/4) D:6
   Lair: D:8-13

Altars:
Ashenzari
Cheibriados
Elyvilon
Fedhas
Nemelex Xobeh
Okawaru
Sif Muna
Trog
Vehumet
Xom
Yredelemnul
Zin
the Shining One
Lugonu

Shops:
D:4 /   D:5 (   D:8 *

Annotations:
D:8 Erolcha


Message History

Unknown command.
Use which ability? (? or * to list)
Your transformation has ended.
You fall off the wall.
Your cursed +1 dwarven cloak unmelds from your body.
Your +2 pair of dwarven boots unmelds from your body.
Unknown command.
Evoke which item? (* to show all) (? for menu, Esc to quit)
Zapping:
x - a wand of heal wounds {zapped: 6}
Press: ? - help, Shift-Dir - straight line, f - you Nothing appears to happen.
The wight closely misses you. Erolcha gestures at you while chanting.
You suddenly lose the ability to move!
The wight hits you with a scimitar.
* * * LOW HITPOINT WARNING * * *
The wight hits you but does no damage. Erolcha casts a spell at you.
The puff of flame hits you!
* * * LOW HITPOINT WARNING * * *
The wight hits you with a scimitar.
You die...

,,,,, ,........./........##
**,,,,,,,,,..............##
**,, *****.............##
*,*,, ≈#............##
***,,,,+...........##
*≈≈≈≈#........?.##
****##.........##
*........zz.##
*#......O@.## ###########


You could see Erolcha and 2 wights.

Vanquished Creatures
  Pikel (D:8)
  Grinder (D:6)
  A wraith (D:6)
  2 hill giant zombies (D:6)
  A hippogriff (D:7)
  A hungry ghost (D:6)
  2 necrophages
  Edmund (D:7)
  Menkaure (D:6)
  Purgy (Sewer)
  2 orc warriors (D:7)
  A sky beast (D:6)
  A giant goldfish (D:2)
  2 slaves (D:8)
  2 ogres
  An ice beast (D:7)
  Sigmund (D:7)
  Duvessa (D:5)
  A centaur (D:7)
  2 giant frogs
  A wight (D:8)
  2 troll zombies (D:6)
  An electric eel (D:8)
  2 jellyfish
  Dowan (D:5)
  5 crimson imps
  3 orc priests
  A quasit (D:7)
  4 big fish
  2 iguanas (D:5)
  4 hounds
  A jelly (D:5)
  2 orc wizards
  7 worker ants
  3 ogre zombies (D:6)
  Ijyb (D:5)
  A hound skeleton (D:5)
  A mummy (D:7)
  A worm zombie (D:6)
  2 giant mites
  9 adders
  An inept item mimic (D:3)
  2 worms
  An adder skeleton (D:5)
  A grey rat (D:4)
  4 giant geckos
  An ooze (D:1)
  17 orcs
  A bat skeleton (D:4)
  8 giant cockroaches
  11 goblins
  10 hobgoblins
  16 jackals
  14 kobolds
  3 ball pythons
  22 bats
  9 giant newts
  A giant spore (D:8)
  5 goblin zombies (D:6)
  A hobgoblin zombie (D:6)
  3 orc skeletons (D:6)
  13 orc zombies (D:6)
  A quokka (D:2)
  11 rats
  2 rat skeletons
  10 ballistomycetes
248 creatures vanquished.

Vanquished Creatures (others)
  An ogre zombie (D:6)
  2 giant spores
  A hobgoblin zombie (D:6)
4 creatures vanquished.

Grand Total: 252 creatures vanquished

Notes
Turn   | Place    | Note
--------------------------------------------------------------
     0 | D:1      | Malachi, the Draconian Transmuter, began the quest for the Orb.
     0 | D:1      | Reached XP level 1. HP: 16/16 MP: 1/1
   159 | D:1      | Reached XP level 2. HP: 12/23 MP: 0/3
   940 | D:2      | Learned a level 2 spell: Sticks to Snakes
  1033 | D:2      | Found a snail-covered altar of Cheibriados.
  1037 | D:2      | Noticed an agate snail
  1037 | D:2      | Noticed an agate snail
  1038 | D:2      | Noticed an agate snail
  1050 | D:2      | Reached XP level 3. HP: 28/28 MP: 2/4
  1186 | D:2      | Noticed a jellyfish
  1192 | D:2      | Noticed a giant goldfish
  1202 | D:2      | Killed a jellyfish
  1202 | D:2      | Reached skill level 4 in Unarmed Combat
  1202 | D:2      | Reached XP level 4. HP: 23/35 MP: 4/6
  1849 | D:2      | Reached XP level 5. HP: 26/40 MP: 7/7
  2549 | D:2      | Learned a level 3 spell: Spider Form
  2655 | D:2      | Found a shattered altar of Ashenzari.
  3062 | D:2      | Killed a giant goldfish
  3212 | D:3      | Reached skill level 1 in Poison Magic
  3394 | D:3      | Found a bloodstained altar of Trog.
  3626 | D:3      | Reached XP level 6. HP: 48/48 MP: 7/9
  4020 | D:4      | Found a staircase to the Ecumenical Temple.
  4036 | D:4      | Reached skill level 5 in Unarmed Combat
  4268 | Temple   | Entered the Ecumenical Temple
  4308 | Temple   | Became a worshipper of Sif Muna the Loreminder
  4638 | D:4      | Found a glowing silver altar of Zin.
  4645 | D:4      | Found Woblak's Magical Wand Shoppe.
  4770 | D:4      | Found a blossoming altar of Fedhas.
  4923 | D:4      | Found a glowing drain.
  4927 | Sewer    | Entered a sewer
  4938 | Sewer    | Your scales start taking on a weird mottled pattern.
  4938 | Sewer    | Reached XP level 7. HP: 49/53 MP: 10/10
  4952 | Sewer    | Noticed Purgy
  4961 | Sewer    | Killed Purgy
  5325 | D:5      | Entered Level 5 of the Dungeon
  5440 | D:5      | Noticed Ijyb
  5467 | D:5      | Killed Ijyb
  5512 | D:5      | Noticed Duvessa
  5512 | D:5      | Noticed Dowan
  5523 | D:5      | Killed Duvessa
  5565 | D:5      | Killed Dowan
  5779 | D:5      | Found Chetadd's Weapon Shop.
  6101 | D:5      | Reached XP level 8. HP: 61/61 MP: 12/12
  6485 | D:6      | Acquired Sif Muna's first power
  6485 | D:6      | Reached skill level 6 in Unarmed Combat
  6490 | D:6      | Noticed Grinder
  6497 | D:6      | Paralysed by Grinder for 5 turns
  6511 | D:6      | Killed Grinder
  6511 | D:6      | Reached skill level 5 in Dodging
  6511 | D:6      | Reached skill level 5 in Transmutations
  6589 | D:6      | Noticed Menkaure
  6590 | D:6      | Found a radiant altar of Vehumet.
  6597 | D:6      | Killed Menkaure
  7208 | D:6      | Found a basalt altar of Yredelemnul.
  7258 | D:6      | Found a staircase to the Orcish Mines.
  7288 | D:6      | HP: 1/62 [orc priest/divine providence (16)]
  7312 | D:5      | HP: 1/62 [hound (4)]
  7780 | D:6      | Reached skill level 7 in Unarmed Combat
  7780 | D:6      | Reached XP level 9. HP: 38/69 MP: 13/13
  8557 | D:7      | Reached skill level 8 in Unarmed Combat
  8633 | D:7      | Noticed Sigmund
  8646 | D:7      | Killed Sigmund
  9336 | D:7      | Noticed Edmund
  9373 | D:7      | Killed Edmund
  9652 | D:8      | Found Trotzy's Assorted Antiques.
  9810 | D:8      | Bought a scroll labeled BEEVVE CAWU for 31 gold pieces
  9810 | D:8      | Bought a scroll labeled XYENOK FRA for 31 gold pieces
  9810 | D:8      | Bought a scroll labeled LEZA KOWAUNE for 31 gold pieces
  9868 | D:8      | Reached skill level 9 in Unarmed Combat
  9868 | D:8      | Reached XP level 10. HP: 77/77 MP: 15/15
  9901 | D:8      | Noticed Pikel
  9926 | D:8      | Killed Pikel
  9962 | D:8      | Noticed Erolcha
  9967 | D:8      | Paralysed by Erolcha for 4 turns
  9967 | D:8      | HP: 1/77 [wight/scimitar (6)]
  9969 | D:8      | Slain by a wight

Action                   |  1- 3 |  4- 6 |  7- 9 | 10-12 || total
-------------------------+-------+-------+-------+-------++-------
Melee: Unarmed           |    97 |   329 |   569 |    29 ||  1024
 Cast: Beastly Appendage |    10 |    30 |    24 |     1 ||    65
       Sticks to Snakes  |       |     9 |       |       ||     9
       Spider Form       |       |     1 |     7 |     1 ||     9
 Abil: Breathe Sticky Fl |       |       |    40 |     1 ||    41
       End Transformatio |       |       |     4 |     1 ||     5
  Use: Potion            |       |     3 |     3 |       ||     6
       Scroll            |       |       |    18 |     1 ||    19
 Stab: Distracted        |       |     1 |     1 |       ||     2
       Sleeping          |       |       |     2 |       ||     2
